Fleur, neutral female sylph Wizard ............................................................................ .....................#....##.#........................#..................... ..........###.....................###....................................... ........##........-----------...... #.#...#...#....#........................ .......#.....---------------------...#..#..#..#............................. ......#..#...|----|..@.@(...| |....#.....#.................%............. ........#...-|.(..|..B......| -.........................(%%^............ .......#....||....|..B.X....+ |...........................%.%........... .......#...-----|--..B......| --.............................%.......... ......#....||...........l.%.| ---|...........................%............ ...........||--|---||--------- |.++..........#......#...................... ........#..||.....|..|...|...|---.||..##..#.....#..........#..}%}........... .......#...-|.....|..|.---.|.|....|-.................#..#....}}}}}}......... .....#......|-....|..|.....|.|.---|..#..#..........#.........}}}}}}}}....... ......#.#...-|....|..-----.|.....|-...#.#.#..............#.}}}}}}}}}}}}..... .........#...|----|........|-----|....#..#.....#..##.#....}}}}}}}}}}}}}}.... .........##..---------------------...#.#..%.....#####.#....}}}}}}}}}}}}}.... ......^..#........-----------..........#.#.....%.###........}}}}}}}}}}}}.... ..........#.#.......*.................#............#.........}}}}}}}}}...... ......................###.#...................................}}}}}}}....... Fleur the Magician Experience level: 10 Strength: 15 Dexterity: 11 Constitution: 14 Intelligence: 18 Wisdom: 16 Charisma: 13 Health: 0(59) Energy: 154(154) Def: 1 Gold: 0 Moves: 10550 Dungeon seed: HkrVL2mqzpcsyqqe Game ID: Fleur_1524235540 Your Inventory: Weapons a - a blessed +1 quarterstaff (weapon in hands) Armor e - a blessed +0 cloak of magic resistance (being worn) Comestibles j - an uncursed fortune cookie l - an uncursed partly eaten food ration m - 5 uncursed lumps of royal jelly x - an uncursed lembas wafer B - an uncursed tripe ration V - an uncursed figue Scrolls D - an uncursed scroll of identify Potions C - an uncursed potion of extra healing E - an uncursed potion of gain ability F - a blessed potion of gain energy Wands c - a wand of magic missile (0:4) v - a wand of speed monster (0:3) A - a wand of lightning (0:5) Tools o - an uncursed skeleton key z - an uncursed bag of holding Contents of the bag of holding: 10246 gold pieces a [uncursed] figue 10 uncursed food rations an uncursed sprig of wolfsbane 6 uncursed tripe rations 2 [uncursed] scrolls of blank paper a [cursed] scroll of create monster 2 [uncursed] scrolls of create monster a [uncursed] scroll of enchant weapon a [blessed] scroll of enchant weapon a [uncursed] scroll of genocide a [uncursed] scroll of gold detection a [blessed] scroll of magic mapping a [blessed] scroll of stinking cloud a [uncursed] scroll of teleportation a [blessed] spellbook of confuse monster a [uncursed] spellbook of cure sickness a [uncursed] spellbook of remove curse a [uncursed] potion of see invisible a [uncursed] potion of sickness a potion of unholy water a [uncursed] ring of polymorph control 2 [uncursed] worthless pieces of black glass 4 [uncursed] worthless pieces of blue glass 3 [uncursed] worthless pieces of green glass 4 [uncursed] worthless pieces of yellowish brown glass Spells and supernatural/magical abilities: Name Level Category Fail Memory a - force bolt 1 attack 0% 48% l - light 1 divination 0% 51% m - magic missile 2 attack 0% 59% r - remove curse 3 clerical 0% 94% u - confuse monster 2 enchantment 0% 84% z - sleep 2 enchantment 0% 48% E - detect food 2 divination 0% 48% K - cure sickness 3 healing 47% 88% W - pray for help -- divine ? -- Your skills at the end: Miscellaneous Skills wands [Skilled] Weapon Skills quarterstaff [Basic] Spellcasting Skills attack spells [Basic] divination spells [Basic] enchantment spells [Basic] clerical spells [Basic] Final Attributes: You were devoutly aligned. You were cold resistant. You were magic-protected. Your writing hand was a little cramped from use. You saw invisible. You had infravision. You were displaced. You were very stealthy. You were protected from shape changers. You were unlucky. Thoth was angry with you. You are dead. Vanquished creatures: a green dragon a queen bee 4 giant mimics 2 large mimics an air elemental a hill giant 2 xorns 4 small mimics a glass piercer a warhorse a wood golem a large cat a gargoyle a human mummy an ettin zombie a soldier a giant beetle 20 leprechauns a spotted jelly 3 lizards 2 scorpions 15 vampire bats an orc mummy 2 Green-elves an owlbear a yeti 3 apprentices a dog a blue jelly a rope golem a soldier ant 2 fire ants a bugbear an imp 9 Mordor orcs 2 Uruk-hai 2 rock moles a rock piercer a pony a fog cloud 4 gnome lords 2 gnomish wizards 2 golden naga hatchlings a barrow wight a ghoul 4 giant ants 2 floating eyes a kitten 8 dwarves a homunculus 3 iguanas 6 hill orcs 12 rothes a centipede 2 jitterbugs 5 giant bats 4 orc zombies 4 dwarf zombies a wererat 2 werejackals 17 killer bees 2 coyotes 3 gas spores 2 hobbits 3 acid blobs 2 large kobolds a gecko a hobgoblin 6 giant rats 3 cave spiders a red mold 21 gnomes 4 garter snakes 2 manes 12 jackals a fox 3 kobolds 14 newts 4 goblins 10 sewer rats 10 grid bugs 4 bats 8 lichens 4 kobold zombies 302 creatures vanquished. Voluntary challenges: You were vegetarian. You had followed a strict vegan diet until turn 3051. You did not cause conflict. You were not invisible. You did not have reflection. You used a wielded weapon 282 times, starting on turn 86. You did not apply a unicorn horn. You did not use plumbed fixtures. You did not drink any magical draughts. You read items or engraved 32 times, starting on turn 56. You never genocided any monsters. You never polymorphed an object. You never changed form. You completed Sokoban on turn 6765, according to the rules. You used no wishes. You never split a pudding. You wrote Elbereth's name 3 times, starting on turn 1903. You violated your moral code, losing 2 points of alignment, starting on turn 2112. Dungeon overview: The Dungeons of Doom: levels 1 to 13 Level 1 a long staircase Level 2 a general store Level 3 a fountain Level 4 a general store, a sink stairs to The Gnomish Mines Level 5 many fountains Level 6 a general store, a fountain stairs to Sokoban Level 7 an altar to Ptah, some fountains Level 8 a potion shop Level 9 a fountain Level 10 a fountain Level 11 a fountain Level 12 portal to The Quest Level 13 The Gnomish Mines: levels 5 to 7 Level 5 stairs to The Dungeons of Doom Level 6 Level 7 many shops, a temple to Thoth, a magic chest, some fountains The Quest: Level 1 <- You were here a magic chest, a throne portal to The Dungeons of Doom Sokoban: levels 2 to 5 Level 2 a magic chest Level 3 Level 4 Level 5 a magic chest stairs to The Dungeons of Doom History has recorded: On T:1 you entered the Dungeons of Doom to retrieve the Amulet of Yendor! On T:23 you reached level 2 of The Dungeons of Doom. On T:332 you advanced to experience level 2. On T:373 you reached level 3 of The Dungeons of Doom. On T:702 you advanced to experience level 3. On T:744 you reached level 4 of The Dungeons of Doom. On T:785 you prayed to Thoth. On T:957 you reached level 5 of The Dungeons of Doom. On T:992 you reached level 1 of The Gnomish Mines. On T:1100 you advanced to experience level 4. On T:1183 you reached level 2 of The Gnomish Mines. On T:1471 you advanced to experience level 5. On T:1529 you reached level 3 of The Gnomish Mines. On T:1814 you prayed to Thoth. On T:1889 you entered the Minetown temple On T:1896 you opened a magic chest. On T:1968 you advanced to experience level 6. On T:2395 you prayed to Thoth. On T:2811 you advanced to experience level 7. On T:3247 you reached level 6 of The Dungeons of Doom. On T:3280 you prayed to Thoth. On T:3297 you reached level 4 of Sokoban. On T:3677 you reached level 3 of Sokoban. On T:4183 you reached level 2 of Sokoban. On T:4261 you prayed to Thoth. On T:4923 you reached level 1 of Sokoban. On T:5057 you prayed to Thoth. On T:6765 you advanced to experience level 8. On T:6765 you entered the Sokoban zoo. On T:7135 you reached level 7 of The Dungeons of Doom. On T:7255 you prayed to Thoth. On T:7695 you reached level 8 of The Dungeons of Doom. On T:7893 you prayed to Thoth. On T:7997 you advanced to experience level 9. On T:8061 you reached level 9 of The Dungeons of Doom. On T:8537 you prayed to Thoth. On T:8598 you reached level 10 of The Dungeons of Doom. On T:9106 you reached level 11 of The Dungeons of Doom. On T:9215 you prayed to Thoth. On T:9625 you reached level 12 of The Dungeons of Doom. On T:9768 you advanced to experience level 10. On T:9868 you reached level 13 of The Dungeons of Doom. On T:10143 you reached level 1 of The Quest. On T:10150 you prayed to Thoth. On T:10441 you prayed to Thoth. Score breakdown: Gold: 10246 ( 1024 points) Experience: 10 levels ( 900 points) Exploration: 13 levels ( 360 points) Discoveries: 45 items ( 2000 points) Variety of kills: 84 monsters ( 2000 points) Major goal: finished Sokoban ( 1000 points) Survival: died (score multiplied by 3) Total score: 21852 Latest messages: The iguana misses the xorn. The xorn zaps a wand of create monster! The vampire bat bites! (2x) The xorn zaps a wand of create monster! The vampire bat bites! (2x) The magic missile hits the vampire bat! You kill the xorn! The vampire bat bites! (4x) The vampire bat strikes at your displaced image and misses you! (2x) You kill the vampire bat! The magic missile hits the xorn! The magic missile misses the iguana. The vampire bat misses the xorn. The vampire bat bites the xorn. The vampire bat bites! (10x) The vampire bat bites the vampire bat. The vampire bat misses the vampire bat. The vampire bat bites! (16x) The vampire bat's bite was poisoned! You die... Final status: Goodbye Fleur the Wizard, poisoned by a vampire bat... You died in The Quest on dungeon level 1 with 21852 points, and 10246 pieces of gold, after 10550 moves. You were level 10 with a maximum of 59 hit points when you died.